 Dungeon Crawl Stone Soup version 0.17.0-28-g6e173f8 (webtiles) character file.

441 dohliylev the Stinger (level 7, -2/37 HPs)
             Began as a Gargoyle Venom Mage on Dec 1, 2015.
             Was an Initiate of Sif Muna.
             Slain by a water moccasin (6 damage)
             ... on level 6 of the Dungeon.
             The game lasted 00:32:58 (5071 turns).

dohliylev the Stinger (Gargoyle Venom Mage)         Turns: 5071, Time: 00:32:58

Health: -2/37      AC:  9    Str: 11    XL:     7   Next: 2%
Magic:  11/21      EV: 13    Int: 18    God:    Sif Muna [......]
Gold:   246        SH:  0    Dex: 10    Spells: 3 memorised, 4 levels left

rFire  . . .     SeeInvis .     d - -3 whip (curse)
rCold  . . .     Clarity  .     a - +0 robe
rNeg   + . .     SustAt   .     (no shield)
rPois  ∞         Gourm    .     (no helmet)
rElec  +         Spirit   .     (no cloak)
rCorr  .         Warding  .     (no gloves)
rMut   .         Stasis   .     p - +2 pair of boots
MR     +....                    (no amulet)
Stlth  ++........               k - ring of protection from magic
                                v - ring of magical power

@: very slightly contaminated, somewhat resistant to hostile enchantments,
unstealthy
A: negative energy resistance 1, electricity resistance, unbreathing,
petrification resistance, rot immunity, AC +4
a: Renounce Religion


You were on level 6 of the Dungeon.
You worshipped Sif Muna.
Sif Muna was noncommittal.
You were very hungry.

You visited 2 branches of the dungeon, and saw 7 of its levels.

You collected 246 gold pieces.

Inventory:

Hand Weapons
 d - a cursed -3 whip (weapon)
 n - a +0 short sword of venom
 y - a +0 dagger of speed
Armour
 a - a +0 robe (worn)
 i - a +0 pair of boots
 o - a +0 large shield
 p - a +2 pair of boots (worn)
Jewellery
 g - an uncursed amulet of warding {unknown}
 k - a ring of protection from magic (right hand)
 v - a ring of magical power (left hand)
 B - an uncursed ring of fire {unknown}
Scrolls
 e - a scroll of recharging
 h - 3 scrolls of enchant armour {unknown}
 j - a scroll of magic mapping {unknown}
 l - 3 scrolls of remove curse {unknown}
 w - a scroll of enchant weapon {unknown}
 A - a scroll of teleportation {unknown}
 C - a scroll of fog {unknown}
Potions
 m - 2 potions of degeneration {unknown}
 q - 2 potions of magic {unknown}
 r - 3 potions of curing {unknown}
 s - a potion of might {unknown}
 t - a potion of flight {unknown}
 u - a potion of invisibility {unknown}
 x - a potion of brilliance {unknown}
Books
 b - a Young Poisoner's Handbook

   Spells                             Type                      Level
   a - Sting                          Conjuration/Poison           1
   b - Cure Poison                    Poison                       2
   c - Mephitic Cloud                 Conjuration/Poison/Air       3
   d - Olgreb's Toxic Radiance        Poison                       4
   e - Venom Bolt                     Conjuration/Poison           5
Comestibles
 c - 6 bread rations
 f - 2 beef jerkies
 z - 9 fruits


   Skills:
 + Level 0.7 Fighting
 + Level 3.6 Dodging
 - Level 2.2 Stealth
 + Level 3.3 Spellcasting
 + Level 2.8 Conjurations
 + Level 0.2 Air Magic
 + Level 5.4 Poison Magic


You had 4 spell levels left.
You knew the following spells:

 Your Spells              Type           Power        Failure   Level  Hunger
a - Sting                 Conj/Pois      ###.         3%          1    None
b - Mephitic Cloud        Conj/Pois/Air  ##......     17%         3    ###....
c - Olgreb's Toxic Radia  Pois           ###.....     21%         4    ####...


Dungeon Overview and Level Annotations

Branches:
Dungeon (6/15)             Temple (1/1) D:4

Altars:
Ashenzari
Cheibriados
Dithmenos
Elyvilon
Fedhas
Gozag
Kikubaaqudgha
Makhleb
Nemelex Xobeh
Okawaru
Qazlal
Ru
Sif Muna
Vehumet
Xom
Yredelemnul
Zin
The Shining One

Shops:
D:5 [

Annotations:
D:5 Nicoed's ghost, novice DrTm


Innate Abilities, Weirdness & Mutations

You are resistant to torment.
Your stone body is resilient (AC +4).
You are immune to poison.
You resist negative energy.
You are resistant to electric shocks.
You can survive without breathing.
You are immune to petrification.
You are immune to rotting.


Message History

The orc wizard hits you but does no damage.
The orc wizard closely misses you.
The water moccasin bites you but does no damage.
Unknown command.
The water moccasin bites you.
* * * LOW HITPOINT WARNING * * *
The orc wizard closely misses you. The water moccasin barely misses you.
The orc wizard gestures wildly while chanting.
The orc wizard seems to speed up.
Found a ring mail.
The water moccasin bites you but does no damage.
Found 11 gold pieces.
The water moccasin bites you but does no damage.
You see here 11 gold pieces.
The water moccasin misses you. The water moccasin bites you.
* * * LOW HITPOINT WARNING * * *
The water moccasin bites you.
You die...

#.........
#.........
#o........
#o.#....##
#o###.....
#.......## #
#.....[...
#.########....#.##
#..@So...$....#
###############


You could see a water moccasin and an orc wizard.

Vanquished Creatures
  2 iguanas (D:4)
  3 hounds (D:4)
  An orc wizard (D:4)
  A giant frog skeleton (D:4)
  3 worker ants
  A hound skeleton (D:4)
  7 adders
  An ooze (D:2)
  2 adder skeletons (D:4)
  4 giant geckos
  9 orcs
  2 ball pythons (D:1)
  A giant cockroach (D:3)
  6 goblins
  7 hobgoblins
  8 jackals
  A quokka (D:2)
  16 bats
  A giant gecko skeleton (D:4)
  A giant gecko zombie (D:5)
  4 giant newts
  9 kobolds
  8 rats
98 creatures vanquished.

Notes
Turn   | Place    | Note
--------------------------------------------------------------
     0 | D:1      | dohliylev the Gargoyle Venom Mage began the quest for the Orb.
     0 | D:1      | Reached XP level 1. HP: 10/10 MP: 3/3
   312 | D:1      | Reached XP level 2. HP: 9/15 MP: 0/5
   941 | D:2      | Reached XP level 3. HP: 19/19 MP: 0/6
   946 | D:2      | Learned a level 3 spell: Mephitic Cloud
  1010 | D:2      | Reached skill level 1 in Conjurations
  1782 | D:2      | Reached XP level 4. HP: 11/24 MP: 0/7
  2006 | D:2      | Found a glowing golden altar of the Shining One.
  2399 | D:3      | Found a snail-covered altar of Cheibriados.
  2778 | D:3      | Reached XP level 5. HP: 26/28 MP: 4/9
  3214 | D:3      | Found a shimmering altar of Xom.
  3218 | D:3      | Found an iron altar of Okawaru.
  3264 | D:3      | Found a blossoming altar of Fedhas.
  3264 | D:3      | Found a sparkling altar of Nemelex Xobeh.
  3308 | D:3      | Found a blossoming altar of Fedhas.
  3519 | D:4      | Found a staircase to the Ecumenical Temple.
  3539 | Temple   | Entered the Ecumenical Temple
  3621 | Temple   | Became a worshipper of Sif Muna the Loreminder
  3745 | D:4      | Reached skill level 5 in Poison Magic
  3745 | D:4      | Reached XP level 6. HP: 28/33 MP: 9/10
  4134 | D:4      | Learned a level 4 spell: Olgreb's Toxic Radiance
  4164 | D:4      | Noticed a phantom
  4860 | D:5      | Entered Level 5 of the Dungeon
  4961 | D:5      | Noticed Nicoed's ghost (novice DrTm)
  4973 | D:5      | Found Aqaxzeim's Antique Armour Shoppe.
  5001 | D:5      | Reached XP level 7. HP: 24/37 MP: 12/12
  5021 | D:5      | Noticed a water moccasin
  5071 | D:6      | Slain by a water moccasin

Action                   |  1- 3 |  4- 6 |  7- 9 || total
-------------------------+-------+-------+-------++-------
Melee: Whip              |    82 |   177 |    21 ||   280
 Cast: Sting             |    76 |    85 |     3 ||   164
       Mephitic Cloud    |     6 |    10 |     3 ||    19
       Olgreb's Toxic Ra |       |     4 |     1 ||     5
  Use: Scroll            |       |     3 |       ||     3
 Stab: Confused          |     1 |     4 |       ||     5
       Sleeping          |     1 |     2 |       ||     3
  Eat: Chunk             |     4 |    12 |     1 ||    17
